 Dungeon Crawl Stone Soup version 0.23-a0-49-gd9f7a49 (webtiles) character file.

519 galech the Shield-Bearer (level 7, 0/56 HPs)
             Began as a Gnoll Wanderer on Aug 7, 2018.
             Was a Follower of Okawaru.
             Slain by an ogre
             ... wielding a +0 giant spiked club
              (15 damage)
             ... on level 4 of the Dungeon.
             The game lasted 00:04:56 (4457 turns).

galech the Shield-Bearer (Gnoll Wanderer)           Turns: 4457, Time: 00:04:56

Health: 0/56       AC: 11    Str: 16    XL:     7   Next: 21%
Magic:  10/10      EV: 15    Int: 11    God:    Okawaru [*.....]
Gold:   213        SH:  6    Dex: 18    Spells: 10/10 levels left

rFire    . . .     SeeInvis .   e - +4 short sword
rCold    . . .     Gourm    .   d - +0 buckler
rNeg     . . .     Faith    .   a - +3 leather armour
rPois    .         Spirit   .   o - +2 helmet
rElec    .         Reflect  .   (no cloak)
rCorr    .         Harm     .   (no gloves)
MR       .....                  (no boots)
Stlth    ++........             (no amulet)
HPRegen  0.18/turn              t - +2 ring of protection
MPRegen  0.12/turn              (no ring)

@: lethally poisoned (0 -> -1)
A: distributed training, fangs 1, strong nose
a: Heroism, Renounce Religion


You were on level 4 of the Dungeon.
You worshipped Okawaru.
Okawaru was aware of your devotion.
You were very hungry.

You visited 1 branch of the dungeon, and saw 5 of its levels.

You collected 213 gold pieces.

Inventory:

Hand Weapons
 b - a +0 hand crossbow
 e - a +4 short sword (weapon)
 p - a +0 hunting sling
Missiles
 c - 52 bolts
 h - 59 sling bullets
Armour
 a - a +3 leather armour (worn)
 d - a +0 buckler (worn)
 o - a +2 helmet (worn)
Jewellery
 t - a +2 ring of protection (left hand)
Wands
 s - a wand of random effects (27)
Scrolls
 g - 3 scrolls of enchant weapon
 j - 4 scrolls of teleportation
 k - a scroll of remove curse
 l - 2 scrolls of blinking
 r - 3 scrolls of fear
 u - a scroll of noise {unknown}
Potions
 i - 2 potions of might {unknown}
 m - a potion of agility {unknown}
 n - 3 potions of curing {unknown}
 q - a potion of magic {unknown}
Comestibles
 f - 4 rations


   Skills:
 + Level 5.1 Fighting
 + Level 2.3 Short Blades
 + Level 2.3 Long Blades
 + Level 2.3 Axes
 + Level 2.3 Maces & Flails
 + Level 2.3 Polearms
 + Level 5.1 Staves
 + Level 2.3 Slings
 + Level 2.3 Bows
 + Level 2.3 Crossbows
 + Level 2.3 Throwing
 + Level 5.1 Armour
 + Level 5.1 Dodging
 + Level 2.3 Stealth
 + Level 5.1 Shields
 + Level 2.3 Unarmed Combat
 + Level 2.3 Spellcasting
 + Level 1.8 Conjurations
 + Level 1.8 Hexes
 + Level 1.8 Charms
 + Level 1.8 Summonings
 + Level 1.8 Necromancy
 + Level 1.8 Translocations
 + Level 1.8 Transmutations
 + Level 1.8 Fire Magic
 + Level 1.8 Ice Magic
 + Level 1.8 Air Magic
 + Level 1.8 Earth Magic
 + Level 1.8 Poison Magic
 + Level 2.5 Invocations
 + Level 2.3 Evocations


You had 10 spell levels left.
You didn't know any spells.
Your spell library was empty.

Dungeon Overview and Level Annotations

Branches:
Dungeon (5/15)             Temple (0/1) D:4

Altars:
Okawaru
Wu Jian
Yredelemnul


Innate Abilities, Weirdness & Mutations

Your experience applies equally to all skills.
You have very sharp teeth.
Your uncanny sense of smell can sniff out nearby items.


Message History

The ogre is moderately wounded.
You hit the ogre.
The ogre is moderately wounded.
You feel sick. The ogre misses you.
You barely miss the ogre.
The ogre is moderately wounded.
The ogre hits you with a giant spiked club!
* * * LOW HITPOINT WARNING * * *
You completely miss the ogre.
The ogre is moderately wounded.
The ogre closely misses you.
You hit the ogre.
The ogre is heavily wounded.
You hit the ogre.
The ogre is heavily wounded.
You feel sick. You block the ogre's attack.
You hit the ogre.
The ogre is severely wounded.
The ogre hits you with a giant spiked club!
You die...

.#.#####.#.#..#### #.#
.#.#.....#.#.....#############.##
.#.#.#####.#.................#...
[#.#.# #.#.#..##.###########.###.
.#.#.# #.#.#...............#.# #.
.#.#.###.#.#..#..#########.#.# #.
.#.#..........#..#......##.#.# #.
.#.#######.#.##..#.####.##.#.# #.
...........^....@........#.#.# #.
..########.#.#.#O#.#######(#.# #.
...........................#.# #.
...###.#.#.#.#.#...#########.# #.
.#..................<........# #.
.#.....#.......#.#..########## #.
<#...............#.....# #.
.#.....#...>...#.....#.# #.
.#...................#.#### #.


You could see an ogre.

Vanquished Creatures
  An ice beast (D:4)
  An ogre (D:4)
  A bullfrog zombie (D:4)
  2 orc priests (D:3)
  A hound (D:4)
  An iguana (D:3)
  A worker ant (D:4)
  2 gnolls (D:3)
  6 adders
  An ooze (D:2)
  An adder skeleton (D:4)
  3 worms
  A dart slug (D:3)
  9 orcs
  2 ball pythons (D:1)
  6 giant cockroaches
  11 goblins
  6 hobgoblins
  5 jackals (D:4)
  5 kobolds
  3 quokkas (D:2)
  10 bats
  4 frilled lizards
  7 rats
90 creatures vanquished.

Notes
Turn   | Place    | Note
-------+----------+-------------------------------------------
     0 | D:1      | galech the Gnoll Wanderer began the quest for the Orb.
     0 | D:1      | galech set off with: a +2 leather armour, a +0 hand crossbow, 27 bolts, a +0 buckler, a ration
     0 | D:1      | Reached XP level 1. HP: 20/20 MP: 1/1
   178 | D:1      | Reached XP level 2. HP: 21/26 MP: 2/2
  1189 | D:2      | Found an iron altar of Okawaru.
  1212 | D:2      | Found a basalt altar of Yredelemnul.
  1221 | D:2      | Reached XP level 3. HP: 31/31 MP: 3/3
  1222 | D:2      | Became a worshipper of Warmaster Okawaru
  1540 | D:2      | Reached skill level 1 in Invocations
  1752 | D:2      | Reached skill level 1 in Short Blades
  1752 | D:2      | Reached skill level 1 in Long Blades
  1752 | D:2      | Reached skill level 1 in Axes
  1752 | D:2      | Reached skill level 1 in Maces & Flails
  1752 | D:2      | Reached skill level 1 in Polearms
  1752 | D:2      | Reached skill level 1 in Slings
  1752 | D:2      | Reached skill level 1 in Bows
  1752 | D:2      | Reached skill level 1 in Crossbows
  1752 | D:2      | Reached skill level 1 in Throwing
  1752 | D:2      | Reached skill level 1 in Stealth
  1752 | D:2      | Reached skill level 1 in Unarmed Combat
  1752 | D:2      | Reached skill level 1 in Spellcasting
  1752 | D:2      | Reached skill level 1 in Evocations
  1899 | D:2      | Reached XP level 4. HP: 38/38 MP: 5/5
  2257 | D:3      | Found an ornate altar of the Wu Jian Council.
  2337 | D:3      | Reached skill level 1 in Conjurations
  2337 | D:3      | Reached skill level 1 in Hexes
  2337 | D:3      | Reached skill level 1 in Charms
  2337 | D:3      | Reached skill level 1 in Summonings
  2337 | D:3      | Reached skill level 1 in Necromancy
  2337 | D:3      | Reached skill level 1 in Translocations
  2337 | D:3      | Reached skill level 1 in Transmutations
  2337 | D:3      | Reached skill level 1 in Fire Magic
  2337 | D:3      | Reached skill level 1 in Ice Magic
  2337 | D:3      | Reached skill level 1 in Air Magic
  2337 | D:3      | Reached skill level 1 in Earth Magic
  2337 | D:3      | Reached skill level 1 in Poison Magic
  2337 | D:3      | Reached XP level 5. HP: 43/43 MP: 6/6
  3240 | D:4      | Reached XP level 6. HP: 42/50 MP: 8/8
  3575 | D:4      | Reached * piety under Okawaru
  3575 | D:4      | Reached skill level 5 in Fighting
  3575 | D:4      | Reached skill level 5 in Staves
  3575 | D:4      | Reached skill level 5 in Armour
  3575 | D:4      | Reached skill level 5 in Dodging
  3575 | D:4      | Reached skill level 5 in Shields
  3627 | D:4      | Noticed an ice beast
  3641 | D:4      | Killed an ice beast
  3649 | D:4      | Found a staircase to the Ecumenical Temple.
  3738 | D:4      | Reached XP level 7. HP: 51/56 MP: 10/10
  4437 | D:5      | Entered Level 5 of the Dungeon
  4457 | D:4      | Slain by an ogre

Vault maps used:
D:1:      lightli_arrival_maybe_door_vault, minivault_5
D:2:      grunt_temple_overflow_open, first_ration
D:3:      old_standard_altar, serial_bayou_pond_b
D:4:      minmay_temple_entry_glass, minmay_misc_feat_hallway
D:5:      old_standard_altar, serial_shops, shop

Skill      XL: |  1  2  3  4  5  6 |
---------------+-------------------+-----
Invocations    | 1 2 |  2.5
Short Blades   | 1 2 |  2.3
Long Blades    | 1 2 |  2.3
Axes           | 1 2 |  2.3
Maces & Flails | 1 2 |  2.3
Polearms       | 1 2 |  2.3
Slings         | 1 2 |  2.3
Bows           | 1 2 |  2.3
Crossbows      | 1 2 |  2.3
Throwing       | 1 2 |  2.3
Stealth        | 1 2 |  2.3
Unarmed Combat | 1 2 |  2.3
Spellcasting   | 1 2 |  2.3
Evocations     | 1 2 |  2.3
Conjurations   | 1 |  1.8
Hexes          | 1 |  1.8
Charms         | 1 |  1.8
Summonings     | 1 |  1.8
Necromancy     | 1 |  1.8
Translocations | 1 |  1.8
Transmutations | 1 |  1.8
Fire Magic     | 1 |  1.8
Ice Magic      | 1 |  1.8
Air Magic      | 1 |  1.8
Earth Magic    | 1 |  1.8
Poison Magic   | 1 |  1.8
Fighting       | 5 |  5.1
Staves         | 5 |  5.1
Armour         | 5 |  5.1
Dodging        | 5 |  5.1
Shields        | 5 |  5.1

Action                   |  1- 3 |  4- 6 |  7- 9 || total
-------------------------+-------+-------+-------++-------
Melee: Short sword       |    84 |   186 |    35 ||   305
       Bite              |     3 |    28 |     3 ||    34
  Use: Scroll            |       |     7 |       ||     7
 Stab: Sleeping          |     4 |       |     1 ||     5
  Eat: Chunk             |     3 |     6 |     1 ||    10
Armor: Leather armour    |    20 |    35 |    13 ||    68
Dodge: Dodged            |    47 |   108 |    16 ||   171
Block: Buckler           |    23 |    42 |     3 ||    68

Table legend:
 A = Spawn XP
 B = Non-spawn XP
 C = Spawn XP percentage of total XP
 D = Spawn monster count
 E = Non-spawn monster count
 F = Spawn count percentage of total count
 G = Total turns spent on level
                    A         B        C        D         E        F      G
               +---------+---------+-------+---------+---------+-------+---------
         Total |       0 |     742 |   0.0 |       0 |      90 |   0.0 |  4457
               +---------+---------+-------+---------+---------+-------+---------
           D:1 |       0 |      26 |   0.0 |       0 |      17 |   0.0 |  1111
           D:2 |       0 |      65 |   0.0 |       0 |      19 |   0.0 |   980
           D:3 |       0 |     221 |   0.0 |       0 |      33 |   0.0 |  1135
           D:4 |       0 |     417 |   0.0 |       0 |      20 |   0.0 |  1218
           D:5 |       0 |      13 |   0.0 |       0 |       1 |   0.0 |    13
               +---------+---------+-------+---------+---------+-------+---------
